 Dungeon Crawl Stone Soup version 0.20.1-1-g8b1a95d (webtiles) character file.

5128 Jazqa the Basher (level 10, 0/95 HPs)
             Began as a Minotaur Monk on Oct 29, 2017.
             Was a Priest of Qazlal.
             Slain by a golden dragon skeleton (4 damage)
             ... on level 1 of the Abyss.
             The game lasted 00:12:43 (8116 turns).

Jazqa the Basher (Minotaur Monk)                    Turns: 8116, Time: 00:12:44

Health: 0/95       AC:  5    Str: 19      XL:     10   Next: 33%
Magic:  12/14      EV: 14    Int:  9      God:    Qazlal [***...]
Gold:   150        SH: 10    Dex: 11 (13) Spells: 9/9 levels left

rFire    + . .     SeeInvis .   x - +3 mace "Beetle's Undoing" {crush, *Noise +Blink rF+ Str+2}
rCold    . . .     Gourm    .   n - +1 buckler
rNeg     . . .     Faith    .   l - +2 leather armour {MR+}
rPois    .         Spirit   .   (helmet restricted)
rElec    .         Reflect  .   (no cloak)
rCorr    +         Harm     .   (no gloves)
MR       ++...                  (no boots)
Stlth    +.........             (no amulet)
Regen    0.3/turn               R - ring of resist corrosion
MPRegen  0.2/turn               M - ring of protection from magic

@: no status effects
A: retaliatory headbutt, horns 2
a: Upheaval, Elemental Force, Renounce Religion, Evoke Blink


You were on level 1 of the Abyss.
You worshipped Qazlal.
Qazlal was most pleased with you.
You were not hungry.

You visited 1 branch of the dungeon, and saw 10 of its levels.
You visited the Abyss 1 time.

You collected 444 gold pieces.
You spent 294 gold pieces at shops.


Innate Abilities, Weirdness & Mutations

You reflexively headbutt those who attack you in melee.
You have a pair of horns on your head.


   Skills:
 + Level 11.0 Fighting
 + Level 11.3 Maces & Flails
 + Level 5.8 Dodging
 - Level 1.5 Stealth
 + Level 2.7 Shields
 + Level 6.8 Invocations


You had 9 spell levels left.
You didn't know any spells.

Inventory:

Hand Weapons
 x - the +3 mace "Beetle's Undoing" (weapon) {crush, *Noise +Blink rF+ Str+2}
   (You bought it in a shop on level 6 of the Dungeon)

   It inflicts extra damage upon your enemies.
   It affects your strength (+2).
   It protects you from fire.
   It lets you blink.
   It may make noises in combat.
Armour
 l - a +2 leather armour of magic resistance (worn)
 n - a +1 buckler (worn)
Jewellery
 v - an uncursed ring of see invisible
 C - an uncursed ring of ice
 M - a ring of protection from magic (right hand)
 R - a ring of resist corrosion (left hand)
Wands
 q - a wand of iceblast (5/15)
 y - a wand of paralysis (6/24)
 z - a wand of digging (19/24)
Scrolls
 g - a scroll of magic mapping
 h - 2 scrolls of enchant armour
 i - 6 scrolls of remove curse {@r2}
 j - a scroll of silence {unknown}
 p - a scroll of fear
 r - a scroll of recharging
Potions
 b - 2 potions of mutation {!q}
 d - 3 potions of curing {@q1}
 e - a potion of might {unknown}
 f - a potion of degeneration {unknown}
 m - 5 potions of flight
 s - a potion of invisibility
 t - a potion of brilliance {unknown}
 w - 2 potions of cancellation
Books
 a - a book of Cantrips

   Spells                             Type                      Level
   a - Confusing Touch                Hexes                        1
   b - Animate Skeleton               Necromancy                   1
   c - Summon Small Mammal            Summoning                    1
   d - Apportation                    Translocation                1
Comestibles
 c - 7 bread rations {@e1}
 k - 11 fruits {@e2}
 o - 2 chunks of flesh
 u - 2 meat rations {@e1}
 A - 2 royal jellies {@e3}

Dungeon Overview and Level Annotations

Branches:
Dungeon (10/15)            Temple (0/1) D:5            Lair (0/6) D:10
    Orc: D:9-12

Altars:
Ashenzari
Cheibriados
Dithmenos
Elyvilon
Fedhas
Qazlal
Xom

Shops:
D:4 }   D:6 (   D:10 *

Annotations:
D:6 2 transporters
D:8 Gastronok
D:9 0x5F3759DF's ghost, novice DENe

#..#......##...#...
▒..#..#..... ... ..
▒.....Λ.......... .
#...∩.#\..## ....
.. ▒...<.#.│.# ..
.. ▒....│..X.# ...
▒.....│#<2.# .. ▓
.#.##..wZw.# .
░......@..# .
.░#............
#.....▒..#░▒▒.
...▓..▒....▒ .▓.#.▒
░▓##.. ▓░ ▒.. ▒##


You could see a tentacled starspawn, a tormentor, 2 starspawn tentacles and a
golden dragon skeleton.


Message History

* * * LOW HITPOINT WARNING * * *
The starspawn tentacle is engulfed in freezing vapours.
You destroy the starspawn tentacle!
Unknown command.
The golden dragon skeleton is engulfed in freezing vapours.
Unknown command.
A tentacle flies out from the starspawn's body!
A starspawn tentacle comes into view.
Unknown command.
The starspawn tentacle grabs you.
* * * LOW HITPOINT WARNING * * *
The starspawn tentacle constricts you.
A starspawn tentacle comes into view.
Unknown command.
The starspawn tentacle's grasp on you weakens, but your attempt to escape fails.
The tormentor calls on the powers of darkness!
Your body is wracked with pain!
* * * LOW HITPOINT WARNING * * *
The starspawn tentacle loses its grip on you.
The tentacle pulls you backwards! The starspawn tentacle misses you.
The starspawn tentacle grabs you.
* * * LOW HITPOINT WARNING * * *
The starspawn tentacle constricts you.
Unknown command.
The starspawn tentacle's grasp on you weakens, but your attempt to escape fails.
The starspawn tentacle loses its grip on you.
The tentacle pulls you backwards!
You block the golden dragon skeleton's attack.
The golden dragon skeleton claws you.
You die...

Skill      XL: |  1  2  3  4  5  6  7  8  9 10 |
---------------+-------------------------------+-----
Maces & Flails | 4 5 6 8 9 11 | 11.3
Fighting       | 4 5 6 7 9 10 11 | 11.0
Dodging        | 4 5 |  5.8
Invocations    | 4 6 |  6.8
Shields        | 2 |  2.7
Stealth        | |  1.5

Action                   |  1- 3 |  4- 6 |  7- 9 | 10-12 || total
-------------------------+-------+-------+-------+-------++-------
Melee: Mace              |    76 |    30 |   168 |    66 ||   340
       Headbutt          |    14 |    21 |    56 |    17 ||   108
       Flail             |       |    83 |    71 |       ||   154
Invok: Elemental Force   |       |       |     2 |     2 ||     4
  Use: Scroll            |     1 |     1 |    15 |       ||    17
       Potion            |       |       |     4 |       ||     4
 Stab: Sleeping          |     4 |       |       |       ||     4
  Eat: Chunk             |     1 |     7 |    11 |     3 ||    22
       Royal jelly       |       |       |     2 |       ||     2
Armor: Robe              |     7 |     2 |       |       ||     9
       Ring mail         |       |    17 |    48 |       ||    65
       Leather armour    |       |       |     2 |     6 ||     8
Dodge: Dodged            |    44 |    64 |   111 |    30 ||   249
Block: Buckler           |       |    25 |    93 |    40 ||   158

Vault maps used:
D:1:      dpeg_arrival_houses_and_road
D:2:      grunt_temple_overflow_forces_of_nature, uniq_robin
D:3:      corexii_hall_statues_deadend, minmay_bisected
D:4:      grunt_temple_overflow_open, serial_shops, shop, xom_redecorated
D:5:      temple_green, first_bread, serial_curves, eino_curves_02,
          eino_curves_01
D:6:      gammafunk_steamed_eel, serial_shops, kennysheep_mini
D:7:      nicolae_dithmenos_the_darkroom, grunt_ministairs_11, uniq_menkaure
D:8:      kennysheep_windowed_halls, lemuel_round_altar, uniq_gastronok
D:10:     lair_entry_dummy, orc_0_dummy, serial_shops, shop
Abyss:1:  hangedman_abyss_or_decor_stagger

Notes
Turn   | Place    | Note
-------+----------+-------------------------------------------
     0 | D:1      | Jazqa the Minotaur Monk began the quest for the Orb.
     0 | D:1      | Reached XP level 1. HP: 19/19 MP: 0/0
    81 | D:1      | Reached skill level 4 in Maces & Flails
   187 | D:1      | Reached XP level 2. HP: 26/26 MP: 1/1
   578 | D:2      | Noticed Robin
   593 | D:2      | Killed Robin
   593 | D:2      | Reached XP level 3. HP: 5/33 MP: 2/2
   593 | D:2      | HP: 3/33 [goblin/dagger[Robin] (2)]
   961 | D:2      | Reached skill level 4 in Fighting
   998 | D:2      | Reached skill level 4 in Dodging
  1279 | D:2      | Found a stormy altar of Qazlal.
  1279 | D:2      | Found a blossoming altar of Fedhas.
  1294 | D:2      | Reached XP level 4. HP: 32/40 MP: 3/3
  1305 | D:2      | Became a worshipper of Qazlal Stormbringer
  1305 | D:2      | Reached * piety under Qazlal
  1305 | D:2      | Reached ** piety under Qazlal
  1602 | D:2      | Reached skill level 5 in Maces & Flails
  1781 | D:3      | Reached XP level 5. HP: 39/47 MP: 4/4
  2477 | D:4      | Found a white marble altar of Elyvilon.
  2477 | D:4      | Found a snail-covered altar of Cheibriados.
  2477 | D:4      | Found a shattered altar of Ashenzari.
  2532 | D:4      | Found a shimmering altar of Xom.
  2544 | D:4      | Found a shimmering altar of Xom.
  2544 | D:4      | Found a shimmering altar of Xom.
  2545 | D:4      | Found a shimmering altar of Xom.
  2546 | D:4      | Found a shimmering altar of Xom.
  2586 | D:4      | Reached skill level 5 in Fighting
  2669 | D:4      | Reached *** piety under Qazlal
  2773 | D:4      | Found Ihialug's Gadget Shoppe.
  2792 | D:4      | Reached skill level 5 in Dodging
  3007 | D:4      | Reached XP level 6. HP: 49/56 MP: 5/5
  3111 | D:5      | Entered Level 5 of the Dungeon
  3178 | D:5      | Reached skill level 6 in Maces & Flails
  3476 | D:5      | Found a staircase to the Ecumenical Temple.
  3523 | D:5      | Reached skill level 6 in Fighting
  3537 | D:5      | Reached XP level 7. HP: 64/64 MP: 6/6
  3559 | D:5      | Reached skill level 7 in Maces & Flails
  4104 | D:6      | Reached skill level 7 in Fighting
  4205 | D:6      | Found a transporter.
  4426 | D:6      | Found Toptej's Antique Weapon Shoppe.
  4429 | D:6      | Bought a whip for 70 gold pieces
  4429 | D:6      | Bought a steaming mace for 224 gold pieces
  4429 | D:6      | Identified the cursed +3 mace "Beetle's Undoing" {crush, *Noise +Blink rF+ Str+2} (You bought it in a shop on level 6 of the Dungeon)
  4477 | D:6      | Found a transporter.
  4716 | D:6      | Reached skill level 8 in Maces & Flails
  4993 | D:6      | Reached XP level 8. HP: 70/74 MP: 7/7
  5007 | D:7      | Reached **** piety under Qazlal
  5022 | D:7      | Reached skill level 8 in Fighting
  5022 | D:7      | Reached skill level 1 in Invocations
  5029 | D:7      | Reached skill level 2 in Invocations
  5052 | D:7      | Noticed Menkaure
  5059 | D:7      | Killed Menkaure
  5247 | D:7      | Reached skill level 9 in Maces & Flails
  5247 | D:7      | Reached skill level 3 in Invocations
  5394 | D:7      | Reached skill level 9 in Fighting
  5417 | D:7      | Noticed a hippogriff
  5423 | D:7      | Killed a hippogriff
  5423 | D:7      | Reached skill level 4 in Invocations
  5470 | D:7      | Reached XP level 9. HP: 83/83 MP: 11/11
  5502 | D:7      | Found a shadowy altar of Dithmenos.
  5904 | D:8      | Noticed Gastronok
  6158 | D:9      | Noticed 0x5F3759DF's ghost (novice DENe)
  6160 | D:9      | Noticed a troll
  6203 | D:10     | Entered Level 10 of the Dungeon
  6210 | D:10     | Found Wueniv's Assorted Antiques.
  6543 | D:10     | Noticed a five-headed hydra
  6560 | D:10     | Killed a five-headed hydra
  6560 | D:10     | Reached skill level 10 in Fighting
  6560 | D:10     | Reached skill level 10 in Maces & Flails
  6560 | D:10     | Reached skill level 5 in Invocations
  6577 | D:10     | Noticed a tengu warrior
  6982 | D:10     | Reached skill level 6 in Invocations
  7374 | D:10     | Reached skill level 11 in Maces & Flails
  7420 | D:10     | Found a staircase to the Lair.
  7431 | D:10     | Reached XP level 10. HP: 83/94 MP: 13/13
  7456 | D:9      | Reached skill level 1 in Shields
  7856 | D:9      | Reached skill level 2 in Shields
  8016 | D:9      | Reached skill level 11 in Fighting
  8057 | D:9      | You are cast into the Abyss!
  8057 | D:9      | Cast into level 1 of the Abyss (gnoll)
  8083 | Abyss:1  | Noticed a tentacled starspawn
  8088 | Abyss:1  | Noticed a smoke demon
  8111 | Abyss:1  | HP: 7/95 [??? (4)]
  8115 | Abyss:1  | HP: 3/95 [starspawn tentacle[a tentacled starspawn] (2)]
  8116 | Abyss:1  | Slain by a golden dragon skeleton

Vanquished Creatures
  A hydra (D:10)
  A hippogriff (D:7)
  A shadow (D:10)
  3 yaks (D:9)
  A hungry ghost (D:9)
  Menkaure (D:7)
  A sky beast (D:7)
  An orc warrior (D:10)
  5 ice beasts
  2 black bears (D:7)
  A necrophage (D:10)
  2 ogres
  A centaur (D:9)
  A big kobold (D:6)
  7 bullfrogs
  A scorpion (D:9)
  A jelly (D:6)
  6 howler monkeys
  A crimson imp (D:5)
  2 quasits
  2 hounds
  2 orc priests (D:10)
  5 orc wizards
  2 centaur skeletons
  4 iguanas
  7 worker ants
  A hound zombie (D:7)
  A hound skeleton (D:6)
  Robin (D:2)
  3 gnolls
  9 adders
  A shadow imp (D:6)
  3 oozes
  An adder zombie (D:5)
  2 adder skeletons
  2 worms
  2 dart slugs (D:2)
  5 leopard geckos
  12 orcs
  3 ball pythons
  7 giant cockroaches
  10 goblins
  10 hobgoblins
  7 jackals
  5 quokkas
  5 bats
  2 frilled lizards
  A jackal skeleton (D:5)
  7 kobolds
  A leopard gecko skeleton (D:6)
  A leopard gecko zombie (D:7)
  A quokka zombie (D:6)
  8 rats
  A starspawn tentacle (Abyss:1)
174 creatures vanquished.

Vanquished Creatures (collateral kills)
  A troll (D:9)
1 creature vanquished.

Vanquished Creatures (others)
  A lurking horror (Abyss:1)
  4 starspawn tentacles (Abyss:1)
5 creatures vanquished.

Grand Total: 180 creatures vanquished
